 Dungeon Crawl Stone Soup version 0.31-a0-426-g3a05650e59 (webtiles) character file.

Game seed: 10873484508429883316

1318 bobarctor the Magician (level 8, -7/49 (52) HPs)
             Began as a Demonspawn Venom Mage on July 31, 2023.
             Was a Believer of Dithmenos.
             Mangled by a wight
             ... wielding a +3 mace
              (9 damage)
             ... on level 6 of the Dungeon.
             The game lasted 00:30:39 (6047 turns).

bobarctor the Magician (Demonspawn Venom Mage)      Turns: 6047, Time: 00:30:40

HP:   -7/49 (52)    AC:  3    Str:  9    XL:     8   Next: 33%
MP:   15/16         EV: 15    Int: 19    God:    Dithmenos [**....]
Gold: 273           SH:  0    Dex: 13    Spells: 8/18 levels left

rFire   . . .        u - +2 dagger (venom)
rCold   . . .        (no shield)
rNeg    . . .        a - +0 robe
rPois   .            f - +0 helmet
rElec   .            (no cloak)
rCorr   .            (no gloves)
SInv    .            (no boots)
Will    .....        (no amulet)
Stlth   +++          (no ring)
HPRegen 0.28/turn    (no ring)
MPRegen 0.30/turn

%: no passive effects
@: wreathed by umbra, drained
A: claws 1, repulsion field 2, ignite blood 2, magic regeneration
a: Renounce Religion, Shadow Step


You were on level 6 of the Dungeon.
You worshipped Dithmenos.
Dithmenos was pleased with you.
You visited 1 branch of the dungeon, and saw 7 of its levels.

You collected 273 gold pieces.

Inventory:

Hand Weapons
 c - a +0 short sword
 i - a +0 dagger of venom
 u - a +2 dagger of venom (weapon)
 w - a +2 war axe of freezing
Missiles
 d - 97 stones
 q - a throwing net
 B - 3 poisoned darts
 F - 3 boomerangs (quivered)
Armour
 a - a +0 robe (worn)
 f - a +0 helmet (worn)
Magical Staves
 G - a staff of cold
Wands
 A - a wand of iceblast (14)
Scrolls
 g - a scroll of enchant armour {unknown}
 h - 2 scrolls of blinking {unknown}
 j - 5 scrolls of teleportation {unknown}
 k - 3 scrolls of brand weapon {unknown}
 n - a scroll of revelation {unknown}
 o - 6 scrolls of identify {unknown}
 s - 4 scrolls of enchant weapon {unknown}
 v - a scroll of amnesia {unknown}
 x - 2 scrolls of fog {unknown}
 y - a scroll of fear {unknown}
 D - a scroll of noise {unknown}
 E - a scroll of vulnerability {unknown}
Potions
 b - 2 potions of magic
 e - 2 potions of enlightenment {unknown}
 l - a potion of cancellation {unknown}
 m - a potion of brilliance {unknown}
 p - a potion of mutation {unknown}
 r - a potion of ambrosia {unknown}
 t - a potion of haste {unknown}
 z - a potion of lignification {unknown}
 C - a potion of invisibility {unknown}


   Skills:
 + Level 2.9 Dodging
 + Level 3.8 Stealth
 * Level 5.5 Spellcasting
 * Level 2.7 Conjurations
 + Level 1.7 Transmutations
 * Level 3.0 Air Magic
 + Level 4.8 Poison Magic
 * Level 4.1 Invocations


You had 8 spell levels left.
You knew the following spells:

 Your Spells              Type           Power      Damage    Failure   Level
a - Sting                 Tmut/Pois      68%        1d6       3%          1
b - Poisonous Vapours     Pois/Air       40%        N/A       3%          2
c - Mephitic Cloud        Conj/Pois/Air  18%        N/A       9%          3
d - Olgreb's Toxic Radia  Pois           23%        N/A       16%         4

Your spell library contained the following spells:

 Spells                   Type           Power      Damage    Failure   Level
 Vhi's Electric Charge    Tloc/Air       20%        N/A       19%         3
 Arcjolt                  Conj/Air       8%         1d18      69%         5
 Maxwell's Capacitive Co  Air            8%         ∞         100%        8


Dungeon Overview and Level Annotations

Branches:
Dungeon (7/15)
 Temple: D:4-7

Altars:
Ashenzari
Cheibriados
Dithmenos
Gozag
Wu Jian


Innate Abilities, Weirdness & Mutations

You have sharp fingernails.
You are surrounded by a moderate repulsion field. (EV +3)
Your demonic aura often causes spilled blood to erupt in flames.
You regenerate magic rapidly.


Message History

Aim: a wight, wielding a +3 mace and wearing a +0 robe (almost destroyed, 74% to hit)
The sting hits the wight but does no damage.
The wight is almost destroyed.
Casting: Sting (safe; 3% risk of failure)
Confirm with . or Enter, or press ? or * to list all spells.
Okay, then.
Casting: Sting (safe; 3% risk of failure)
Confirm with . or Enter, or press ? or * to list all spells.
You don't know that spell.
Casting: Sting (safe; 3% risk of failure)
Confirm with . or Enter, or press ? or * to list all spells.
The spell is quite dangerous to miscast (16% risk of failure)!
Continue anyway?
You begin to radiate toxic energy.
Your toxic aura wanes.
Throw: 5 boomerangs
Press: ? - help, Q - select action, (/) - cycle Shift-Dir - straight line, f/p - wight
Aim: a wight, wielding a +3 mace and wearing a +0 robe (almost destroyed, 52% to hit)
You throw a boomerang. The boomerang closely misses the wight.
Throw: 4 boomerangs
Press: ? - help, Q - select action, (/) - cycle Shift-Dir - straight line, f/p - wight
Aim: a wight, wielding a +3 mace and wearing a +0 robe (almost destroyed, 52% to hit)
You throw a boomerang. The boomerang closely misses the wight.
Throw: 4 boomerangs
Press: ? - help, Q - select action, (/) - cycle Shift-Dir - straight line, f/p - wight
Aim: a wight, wielding a +3 mace and wearing a +0 robe (almost destroyed, 52% to hit)
You throw a boomerang.
The boomerang hits the wight and shatters for extra damage.
The wight is almost destroyed.
Throw: 3 boomerangs
Press: ? - help, Q - select action, (/) - cycle Shift-Dir - straight line, f/p - wight
Aim: a wight, wielding a +3 mace and wearing a +0 robe (almost destroyed, umbra, 52% to hit)
You throw a boomerang.
The boomerang hits the wight but does no damage.
The wight is almost destroyed.
The wight hits you with a +3 mace.
* * * LOW HITPOINT WARNING * * *
You feel drained.
* * * LOW HITPOINT WARNING * * *
The wight hits you with a +3 mace!
You die...

#.# #.# #.# #.# #.# #.#
#.#############.#
######.............#.#
.....#############.#.#
.....+
....###...#.#########
.....#
.......○z...........#
.....#
#...#....@..#.#######.#
.....###...#####......#
<#
.....+.............#..#
.#
.....##...........##..#
z#
......................#
z#
...............#....#.#
z#
##............#.#....)#
..
#...###......#.#.#....#
#†..#
#.....#.#.#.#.....#


You could see a wight.

Vanquished Creatures
  Prince Ribbit (D:6)
  An orc warrior (D:4)
  An ice beast (D:5)
  An ogre (D:6)
  A centaur (D:6)
  A bullfrog (D:6)
  2 scorpions
  A hound (D:5)
  A jelly (D:5)
  2 orc priests (D:5)
  4 iguanas
  A sleepcap (D:5)
  5 orc wizards
  4 gnolls (D:2)
  7 adders
  A white imp (D:5)
  3 dart slugs
  14 orcs
  5 ball pythons
  4 endoplasms
  4 giant cockroaches
  12 goblins
  6 hobgoblins
  4 jackals
  12 kobolds
  5 quokkas
  6 bats
  4 frilled lizards
  3 rats
116 creatures vanquished.

Notes
Turn   | Place    | Note
-------+----------+-------------------------------------------
     0 | D:1      | bobarctor the Demonspawn Venom Mage began the quest for the
                  | Orb.
     0 | D:1      | Reached XP level 1. HP: 13/13 MP: 3/3
   337 | D:2      | Gained mutation: You are surrounded by a mild repulsion
                  | field. (EV +2) [demonic ancestry]
   337 | D:2      | Reached XP level 2. HP: 19/19 MP: 0/5
   340 | D:2      | Learned a level 2 spell: Poisonous Vapours
   866 | D:1      | Gained mutation: Your demonic aura sometimes causes spilled
                  | blood to erupt in flames. [demonic ancestry]
   866 | D:1      | Reached XP level 3. HP: 24/24 MP: 3/6
   887 | D:1      | Learned a level 3 spell: Mephitic Cloud
  1431 | D:2      | Found a shadowy altar of Dithmenos.
  1447 | D:2      | Became a worshipper of Dithmenos the Shadowed
  1510 | D:2      | Reached skill level 1 in Transmutations
  1593 | D:2      | Reached skill level 3 in Spellcasting
  1623 | D:2      | Reached XP level 4. HP: 24/30 MP: 4/8
  1876 | D:2      | Reached skill level 1 in Invocations
  2239 | D:3      | Reached * piety under Dithmenos
  2240 | D:3      | Gained mutation: Your demonic aura often causes spilled
                  | blood to erupt in flames. [demonic ancestry]
  2240 | D:3      | Reached XP level 5. HP: 22/35 MP: 4/10
  3074 | D:4      | Noticed an orc warrior
  3077 | D:4      | Reached skill level 1 in Air Magic
  3295 | D:4      | Killed an orc warrior
  3296 | D:4      | Reached skill level 1 in Conjurations
  3296 | D:4      | Gained mutation: You are surrounded by a moderate repulsion
                  | field. (EV +3) [demonic ancestry]
  3296 | D:4      | Reached XP level 6. HP: 41/41 MP: 6/11
  4064 | D:4      | Found an ornate altar of the Wu Jian Council.
  4074 | D:4      | Noticed a spectral centipede
  4074 | D:4      | Noticed a spectral black mamba
  4074 | D:4      | Noticed a spectral cane toad
  4123 | D:5      | Entered Level 5 of the Dungeon
  4123 | D:5      | Noticed an ice beast
  4152 | D:5      | Killed an ice beast
  4153 | D:5      | Reached skill level 4 in Spellcasting
  4421 | D:5      | Gained mutation: You regenerate magic rapidly. [demonic
                  | ancestry]
  4421 | D:5      | Reached XP level 7. HP: 38/46 MP: 11/13
  4638 | D:5      | Found an opulent altar of Gozag.
  4695 | D:5      | Found a snail-covered altar of Cheibriados.
  4921 | D:5      | Reached ** piety under Dithmenos
  5137 | D:5      | Found a broken altar of Ashenzari.
  5770 | D:6      | Reached skill level 5 in Spellcasting
  5806 | D:6      | Noticed Prince Ribbit
  5808 | D:6      | Gained mutation: You have sharp fingernails. [demonic
                  | ancestry]
  5808 | D:6      | Reached XP level 8. HP: 52/52 MP: 7/15
  5899 | D:6      | Killed Prince Ribbit
  5929 | D:6      | Learned a level 4 spell: Olgreb's Toxic Radiance
  6046 | D:6      | HP: 1/49 [wight/+3 mace (2)]
  6047 | D:6      | Mangled by a wight

Illustrated notes

Levels and vault maps discovered:
D:1:      lordsloth_arrival_two_stooges, layout_loops_ring, minmay_statues_item,
          moated_statue
D:2:      layout_basic, basic_altar, amcnicky_mini_rare_corridor_liquid
D:3:      layout_loops_ring
D:4:      cheibrodos_old_hovel, layout_loops_corners,
          pdpol_wu_jian_five_deadly_venoms
D:5:      layout_cave_pods, general_overflow_altar, grunt_gozag_breadcrumbs,
          mainiacjoe_overflow_catwalk, hex_large
D:6:      layout_basic, elyvilon_altar_3, nicolae_the_louvre, uniq_duvessa,
          uniq_prince_ribbit1
D:7:      layout_loops_corners, led_sif_book, minmay_temple_entry_wispy,
          uniq_menkaure

Skill      XL: |  1  2  3  4  5  6  7  8 |
---------------+-------------------------+-----
Stealth        | 2 3 |  3.8
Transmutations | 1 |  1.7
Spellcasting   | 3 4 5 |  5.5
Dodging        | 2 |  2.9
Invocations    | 1 2 3 4 |  4.1
Air Magic      | 1 2 3 |  3.0
Conjurations   | 1 2 |  2.7
Poison Magic   | 4 |  4.8

Action                     |  1- 3 |  4- 6 |  7- 9 || total
---------------------------+-------+-------+-------++-------
  Melee: Short sword       |    18 |       |       ||    18
         Dagger            |    35 |   145 |    70 ||   250
         Punch             |       |       |     2 ||     2
  Throw: Boomerang         |       |       |     4 ||     4
   Cast: Sting             |    47 |     9 |    10 ||    66
         Poisonous Vapours |    10 |    21 |    12 ||    43
         Mephitic Cloud    |     1 |     8 |    14 ||    23
         Olgreb's Toxic Ra |       |       |     1 ||     1
   Stab: Sleeping          |     1 |     5 |       ||     6
         Confused          |       |     7 |     1 ||     8
         Distracted        |       |     1 |       ||     1
 Armour: Robe              |    16 |    13 |     7 ||    36
  Dodge: Dodged            |    60 |    98 |    37 ||   195

Table legend: (Time is in decaauts)
 A = Elapsed time spent in this place.
 B = Non-inter-level travel time spent in this place.
 C = Inter-level travel time spent in this place.
 D = Time resting spent in this place.
 E = Time spent auto-exploring this place.
 F = Levels seen in this place.
 G = Mean time per level.
                   A        B        C        D        E       F      G
               +--------+--------+--------+--------+--------+-----+--------+
         Total |   6048 |   5948 |    100 |   1458 |   3252 |   7 |  864.0 |
       Dungeon |   6048 |   5948 |    100 |   1458 |   3252 |   7 |  864.0 |
               +--------+--------+--------+--------+--------+-----+--------+

Top non-repeatable levels by time:
     D:5: 1564 daAuts
     D:4: 1227 daAuts
     D:1: 1181 daAuts
     D:2: 880 daAuts
     D:3: 833 daAuts
     D:6: 290 daAuts
     D:7: 70 daAuts
